 Dungeon Crawl Stone Soup version 0.24.0-13-gcf9b319 (webtiles) character file.

Game seed: 15662030231111772540, levelgen mode: deterministic

112 Dire the Sneak (level 5, 0/35 HPs)
             Began as a Halfling Assassin on Apr 14, 2020.
             Killed from afar by an orc wizard (9 damage)
             ... with a puff of flame
             ... on level 5 of the Dungeon.
             The game lasted 00:09:43 (1521 turns).

Dire the Sneak (Halfling Assassin)                  Turns: 1521, Time: 00:09:43

Health: 0/35       AC:  4    Str: 12    XL:     5   Next: 16%
Magic:  5/5        EV: 15    Int:  9    God:
Gold:   77         SH:  0    Dex: 17    Spells: 4/4 levels left

rFire    . . .     SeeInvis .   a - +3 dagger
rCold    . . .     Gourm    .   (shield restricted)
rNeg     . . .     Faith    .   b - +0 robe
rPois    .         Spirit   .   (no helmet)
rElec    .         Reflect  .   c - +1 cloak
rCorr    .         Harm     .   (no gloves)
MR       .....                  (no boots)
Stlth    +++.......             (no amulet)
HPRegen  0.11/turn              (no ring)
MPRegen  0.09/turn              (no ring)

@: no status effects
A: small, mutation resistance 1
a: no special abilities


You were on level 5 of the Dungeon.
You were not hungry.

You visited 1 branch of the dungeon, and saw 5 of its levels.

You collected 77 gold pieces.

Inventory:

Hand Weapons
 a - a +3 dagger (weapon)
Missiles
 d - 8 poisoned darts (quivered)
 e - 2 curare-tipped darts
 g - 2 boomerangs
 k - 78 stones
 m - 6 sling bullets
Armour
 b - a +0 robe (worn)
 c - a +1 cloak (worn)
 p - a scarf of repulsion
Scrolls
 i - a scroll of enchant armour
Potions
 j - a potion of resistance {unknown}
 l - a potion of ambrosia {unknown}
Comestibles
 f - a ration
 h - 5 chunks of flesh


   Skills:
 + Level 2.4 Fighting
 + Level 3.2 Short Blades
 + Level 2.6 Throwing
 + Level 2.2 Dodging
 * Level 5.4 Stealth


You had 4 spell levels left.
You didn't know any spells.
Your spell library was empty.

Dungeon Overview and Level Annotations

Branches:
Dungeon (6/15)
 Temple: D:4-7

Altars:
Elyvilon

Annotations:
D:6 Eustachio


Innate Abilities, Weirdness & Mutations

You are small and have problems with some larger weapons.
You are somewhat resistant to further mutation.


Message History

You hear some strange, mumbled words.
Something tries to affect you, but you resist.
You miss something. Something hits you but does no damage.
You hit something. You miss something. Something hits you.
Something freezes you.
You hit something. Something hits you. Something freezes you.
You closely miss something. Something hits you. Something freezes you.
You hit something. Something hits you.
* * * LOW HITPOINT WARNING * * *
Something freezes you.
* * * LOW HITPOINT WARNING * * *
You hit something.
You hear some strange, mumbled words.
A puff of flame appears from out of thin air!
The puff of flame misses you.
You miss something.
You hear some strange, mumbled words.
A puff of flame appears from out of thin air!
The puff of flame hits you!
You die...

###
..#
#.#
#.#
#>#
#@#
#{#
#o#
#.#
..#
###


You could see an orc.

Vanquished Creatures
  5 adders
  3 dart slugs
  2 leopard geckos
  2 orcs (D:5)
  2 ball pythons
  A giant cockroach (D:2)
  7 goblins
  9 hobgoblins
  7 kobolds
  2 quokkas (D:2)
  6 bats
  3 frilled lizards
  5 rats
54 creatures vanquished.

Notes
Turn   | Place    | Note
-------+----------+-------------------------------------------
     0 | D:1      | Dire the Halfling Assassin began the quest for the Orb.
     0 | D:1      | Reached XP level 1. HP: 14/14 MP: 1/1
    61 | D:1      | Reached XP level 2. HP: 14/19 MP: 2/2
   385 | D:1      | Reached XP level 3. HP: 14/24 MP: 3/3
   810 | D:2      | Reached skill level 5 in Stealth
   898 | D:2      | Reached XP level 4. HP: 29/29 MP: 4/4
  1446 | D:3      | Reached XP level 5. HP: 29/35 MP: 5/5
  1464 | D:3      | You fall into a shaft and drop 3 floors!
  1468 | D:6      | Noticed Eustachio
  1472 | D:6      | Found a white marble altar of Elyvilon.
  1500 | D:5      | Entered Level 5 of the Dungeon
  1521 | D:5      | Killed from afar by an orc wizard

Levels and vault maps discovered:
D:1:      giann_horns, layout_basic
D:2:      layout_loops_ring
D:3:      layout_rooms, serial_glass, glass_columns_a, glass_columns_c
D:5:      cheibrodos_fertilizer, layout_loops_ring
D:6:      layout_cave_pools, lemuel_zombie_altar_yredelemnul,
          lemuel_coloured_pillars_altar, nicolae_ru_sacrificial_ziggurat,
          minmay_holes, roderic_batcave, elyvilon_altar_5, uniq_edmund,
          uniq_eustachio

Skill      XL: |  1  2  3  4 |
---------------+-------------+-----
Fighting       | 2 |  2.4
Stealth        | 5 |  5.4
Short Blades   | 3 |  3.2
Dodging        | 2 |  2.2
Throwing       | |  2.6

Action                   |  1- 3 |  4- 6 || total
-------------------------+-------+-------++-------
Melee: Dagger            |    96 |    80 ||   176
  Use: Scroll            |       |     4 ||     4
 Stab: Sleeping          |     7 |     6 ||    13
       Distracted        |       |     1 ||     1
  Eat: Chunk             |       |     2 ||     2
Armor: Robe              |    23 |    12 ||    35
Dodge: Dodged            |    81 |    33 ||   114
